 Dungeon Crawl Stone Soup version 0.24.0-13-gcf9b3192b9 (webtiles) character file.

Game seed: 10519518658072925922, levelgen mode: deterministic

1451686 MisterOstroum the Conqueror (level 27, 153/273 HPs)
             Began as a Centaur Hunter on Nov 3, 2019.
             Was the Champion of Okawaru.
             Escaped with the Orb
             ... and 3 runes on Nov 5, 2019!
             The game lasted 06:39:31 (102166 turns).

MisterOstroum the Conqueror (Centaur Hunter)      Turns: 102166, Time: 06:39:31

Health: 153/273    AC: 32    Str: 21 (24) XL:     27
Magic:  31/34      EV: 12    Int:  6 (10) God:    Okawaru [******]
Gold:   6188       SH:  0    Dex: 14 (17) Spells: 25/40 levels left

rFire    + + +     SeeInvis .   a - +9 longbow (velocity)
rCold    + + .     Gourm    .   (shield currently unavailable)
rNeg     + . .     Faith    .   H - +1 gold dragon scales
rPois    +         Spirit   +   C - -2 hat of the Alchemist {rElec rPois rF+ rC+ rN+ MR+ rMut rCorr}
rElec    +         Reflect  .   h - +2 cloak {MR+}
rCorr    +         Harm     .   W - +2 pair of gloves {Dex+3}
rMut     +                      k - +0 centaur barding {rF+}
MR       +++++                  w - amulet of guardian spirit
Stlth    ..........             K - ring of protection from magic
HPRegen  0.55/turn              F - +6 ring of evasion
MPRegen  0.24/turn

@: very slightly contaminated, hasted, invisible, very quick
A: large, hooves 3, deformed body, speed 2, sense surroundings 1, tough skin 3,
subdued magic 1
0: Orb of Zot
}: 3/15 runes: decaying, slimy, gossamer
a: Heroism, Finesse, Renounce Religion


You escaped.
You worshipped Okawaru.
Okawaru was exalted by your worship.
You were very full.

You visited 12 branches of the dungeon, and saw 56 of its levels.
You also visited: Ossuary and Wizlab.

You collected 7607 gold pieces.
You spent 1419 gold pieces at shops.

Inventory:

Hand Weapons
 a - a +9 longbow of velocity (weapon)
 c - a +2 demon blade of electrocution
Missiles
 L - 626 arrows (quivered)
 O - 3 throwing nets {!f}
Armour
 b - the +0 pair of gloves "Kaunih" {-Tele rF+ SInv}
   (You found it on level 4 of the Spider Nest)

   It protects you from fire.
   It lets you see invisible.
   It prevents most forms of teleportation.
 h - a +2 cloak of magic resistance (worn)
 k - a +0 centaur barding of fire resistance (worn)
 C - the -2 hat of the Alchemist (worn) {rElec rPois rF+ rC+ rN+ MR+ rMut rCorr}
   (You found it on level 5 of the Pits of Slime)

   It protects you from fire.
   It protects you from cold.
   It insulates you from electricity.
   It protects you from poison.
   It protects you from negative energy.
   It affects your resistance to hostile enchantments.
   It provides partial protection from all sources of acid and corrosion.
   It protects you from mutation.
 H - +1 gold dragon scales (worn)
 W - a +2 pair of gloves of dexterity (worn)
Jewellery
 u - an uncursed ring of see invisible
 w - an amulet of guardian spirit (around neck)
 F - a +6 ring of evasion (right hand)
 G - an uncursed ring of protection from cold
 K - a ring of protection from magic (left hand)
Wands
 d - a wand of clouds (2)
 J - a wand of paralysis (19)
 Q - a wand of random effects (150)
 U - a wand of polymorph (15)
 V - a wand of acid (12)
 X - a wand of digging (7)
 Z - a wand of iceblast (16)
Scrolls
 f - 4 scrolls of fog {!r}
 m - 19 scrolls of remove curse {@r2}
 o - 11 scrolls of teleportation {@r3 !r}
 p - 2 scrolls of fear {!r}
 q - 3 scrolls of vulnerability
 s - a scroll of identify {@r1}
 z - 7 scrolls of blinking {@r4}
 B - 2 scrolls of holy word
 D - 9 scrolls of immolation
 M - a scroll of summoning
 N - 2 scrolls of silence
 Y - a scroll of enchant weapon
Potions
 g - 2 potions of magic
 i - 2 potions of invisibility
 n - 3 potions of might {@q3 !q}
 t - 2 potions of agility {@q5 !q}
 v - 9 potions of curing {@q1 !q}
 x - 2 potions of haste {@q4 !q}
 A - 9 potions of resistance
 E - 7 potions of mutation
 I - 4 potions of heal wounds {@q2 !q}
 R - 3 potions of brilliance
 S - 5 potions of cancellation
 T - 2 potions of flight
Miscellaneous
 j - a lightning rod (4/4)
 l - 2 phantom mirrors
 r - 2 boxes of beasts
 y - a lamp of fire
 P - 2 sacks of spiders
Comestibles
 e - 65 rations


   Skills:
 O Level 27 Fighting
   Level 3.0(6.3) Short Blades
 - Level 8.7(9.0) Long Blades
 - Level 22.0 Bows
 + Level 17.3 Armour
 + Level 14.2 Dodging
 - Level 0.4 Stealth
 - Level 7.0 Spellcasting
 - Level 12.0 Translocations
 - Level 15.0 Invocations
 - Level 10.1 Evocations


You had 25 spell levels left.
You knew the following spells:

 Your Spells              Type           Power        Failure   Level  Hunger
a - Apportation           Tloc           ##....       4%          1    #......
b - Lesser Beckoning      Tloc           ##........   14%         3    ###....
c - Teleport Other        Tloc           ##......     14%         3    ###....
B - Blink                 Tloc           N/A          7%          2    ##.....
G - Passage of Golubria   Tloc           N/A          45%         4    #####..
S - Shroud of Golubria    Chrm/Tloc      #.....       67%         2    ##.....

Your spell library contained the following spells:

 Spells                   Type           Power        Failure   Level  Hunger
 Gell's Gravitas          Tloc           ##........   14%         3    ###....
 Recall                   Summ/Tloc      N/A          88%         3    ###....
 Animate Skeleton         Necr           N/A          100%        1    #......
 Confusing Touch          Hex            #.....       100%        1    #......
 Corona                   Hex            #......      100%        1    #......
 Flame Tongue             Conj/Fire      #....        100%        1    #......
 Magic Dart               Conj           #...         100%        1    #......
 Pain                     Necr           #...         100%        1    #......
 Sandblast                Erth           #.....       100%        1    #......
 Shock                    Conj/Air       #...         100%        1    #......
 Sting                    Conj/Pois      #...         100%        1    #......
 Summon Small Mammal      Summ           #...         100%        1    #......
 Call Imp                 Summ           #.......     100%        2    ##.....
 Corpse Rot               Necr           N/A          100%        2    ##.....
 Ensorcelled Hibernation  Hex/Ice        #.....       100%        2    ##.....
 Passwall                 Tmut/Erth      #.......     100%        2    ##.....
 Poisonous Vapours        Pois/Air       #.....       100%        2    ##.....
 Slow                     Hex            #.......     100%        2    ##.....
 Sticks to Snakes         Tmut           #.......     100%        2    ##.....
 Sublimation of Blood     Necr           #.........   100%        2    ##.....
 Swiftness                Chrm/Air       #.......     100%        2    ##.....
 Throw Flame              Conj/Fire      #.....       100%        2    ##.....
 Throw Frost              Conj/Ice       #.....       100%        2    ##.....
 Call Canine Familiar     Summ           #.......     100%        3    ###....
 Confuse                  Hex            #.......     100%        3    ###....
 Conjure Flame            Conj/Fire      #.......     100%        3    ###....
 Dazzling Spray           Conj/Hex       #.....       100%        3    ###....
 Ignite Poison            Fire/Tmut/Pois #.......     100%        3    ###....
 Inner Flame              Hex/Fire       #.......     100%        3    ###....
 Mephitic Cloud           Conj/Pois/Air  #.......     100%        3    ###....
 Regeneration             Chrm/Necr      #.........   100%        3    ###....
 Static Discharge         Conj/Air       #.......     100%        3    ###....
 Stone Arrow              Conj/Erth      #.....       100%        3    ###....
 Summon Guardian Golem    Hex/Summ       #.......     100%        3    ###....
 Tukima's Dance           Hex            #.......     100%        3    ###....
 Vampiric Draining        Necr           #.........   100%        3    ###....
 Animate Dead             Necr           N/A          100%        4    #####..
 Ice Form                 Ice/Tmut       #.......     100%        4    #####..
 Petrify                  Tmut/Erth      #.......     100%        4    #####..
 Sticky Flame             Conj/Fire      #.......     100%        4    #####..
 Summon Ice Beast         Ice/Summ       #.......     100%        4    #####..
 Summon Lightning Spire   Summ/Air       #.......     100%        4    #####..
 Throw Icicle             Conj/Ice       #.......     100%        4    #####..
 Agony                    Necr           #.......     100%        5    ######.
 Alistair's Intoxication  Tmut/Pois      #.......     100%        5    ######.
 Bolt of Draining         Conj/Necr      #.........   100%        5    ######.
 Bolt of Magma            Conj/Fire/Erth #.........   100%        5    ######.
 Borgnjor's Vile Clutch   Necr/Erth      #.........   100%        5    ######.
 Dispel Undead            Necr           #.......     100%        5    ######.
 Excruciating Wounds      Chrm/Necr      #.........   100%        5    ######.
 Fireball                 Conj/Fire      #.........   100%        5    ######.
 Lee's Rapid Deconstruct  Erth           #.........   100%        5    ######.
 Lightning Bolt           Conj/Air       #.........   100%        5    ######.
 Metabolic Englaciation   Hex/Ice        #.........   100%        5    ######.
 Silence                  Hex/Air        #.........   100%        5    ######.
 Yara's Violent Unravell  Hex/Tmut       #.........   100%        5    ######.
 Bolt of Cold             Conj/Ice       #.........   100%        6    #######
 Bolt of Fire             Conj/Fire      #.........   100%        6    #######
 Conjure Ball Lightning   Conj/Air       #.........   100%        6    #######
 Death Channel            Necr           #.........   100%        6    #######
 Deflect Missiles         Chrm/Air       #.........   100%        6    #######
 Freezing Cloud           Conj/Ice/Air   #.........   100%        6    #######
 Ozocubu's Refrigeration  Ice            #.........   100%        6    #######
 Simulacrum               Ice/Necr       #.........   100%        6    #######
 Statue Form              Tmut/Erth      #........    100%        6    #######
 Haunt                    Necr/Summ      #.........   100%        7    #######
 Ring of Flames           Chrm/Fire      #.........   100%        7    #######
 Borgnjor's Revivificati  Necr           #.........   100%        8    #######
 Death's Door             Chrm/Necr      #.........   100%        8    #######
 Ignition                 Fire           #.........   100%        8    #######
 Infestation              Necr           #.........   100%        8    #######
 Necromutation            Tmut/Necr      #.........   100%        8    #######
 Shatter                  Erth           #.........   100%        9    #######
 Tornado                  Air            #.........   100%        9    #######


Dungeon Overview and Level Annotations

Branches:
Dungeon (15/15)            Temple (1/1) D:5            Lair (6/6) D:11
  Swamp (4/4) Lair:4       Spider (4/4) Lair:4        Slime (5/5) Lair:5
    Orc (2/2) D:9             Elf (3/3) Orc:2        Vaults (5/5) D:14
  Crypt (0/3) Vaults:3     Depths (5/5) D:15           Hell (visited)
    Zot (5/5) Depths:5    Ossuary (visited)          WizLab (visited)
    Dis: Hell:1         Geh: Hell:1         Coc: Hell:1         Tar: Hell:1

Altars:
Ashenzari
Cheibriados
Dithmenos
Elyvilon
Fedhas
Gozag
Hepliaklqana
Kikubaaqudgha
Makhleb
Nemelex Xobeh
Okawaru
Qazlal
Ru
Sif Muna
Trog
Uskayaw
Vehumet
Wu Jian
Xom
Yredelemnul
Zin
The Shining One
Jiyva

Shops:
D:9 (   D:11 [   Orc:2 *(}?   Elf:3 (:!(   Depths:1 (

Portals:
Hell: Depths:1 Depths:2 Depths:3 Depths:4 Depths:5
Abyss: Depths:2 Depths:3 Depths:4
Pandemonium: Depths:3
Ziggurat: Depths:1
Trove: Depths:1 (show abyssal rune of Zot)

Annotations:
D:2 Sigmund
D:9 1 exclusion
Lair:3 1 runed translucent door, Pigabica's ghost, journeyman MfSk
Lair:6 Forest vault, can be hell
Spider:2 2 transporters, Ikly's ghost, journeyman GrFi
Slime:5 1 exclusion
Hell Geryon
Zot:3 exclusion: door
Zot:5 3 exclusions


Innate Abilities, Weirdness & Mutations

You have hooves in place of feet.
Armour fits poorly on your strangely shaped body.
You cover ground very quickly.
You have extremely tough skin. (AC +3)
You passively map a small area around you.
Your spells are a little easier to cast, but a little less powerful.


Message History

Firing (i - inventory. (/) - cycle)
L - 628 arrows (quivered)
Press: ? - help, Shift-Dir - straight line, f/p - Brimstone Fiend
Aim: a Brimstone Fiend (severely wounded)
You shoot an arrow. The arrow hits the Brimstone Fiend.
The Brimstone Fiend is almost dead.
Firing (i - inventory. (/) - cycle)
L - 627 arrows (quivered)
Press: ? - help, Shift-Dir - straight line, f/p - Brimstone Fiend
Aim: a Brimstone Fiend (almost dead)
You shoot an arrow. The arrow hits the Brimstone Fiend!!
You kill the Brimstone Fiend!
Okawaru accepts your kill.
(D) Dungeon (T) Temple (L) Lair (S) Swamp (N) Spider Nest (M) Slime Pits (O) Orcish Mines (E) Elven Halls (V) Vaults (C) Crypt (U) Depths (H) Hell (Z) Zot
Where to? (Enter - D:1 @ (x,y), ? - help)
You climb upwards.
There is a stone staircase leading down here.
You see here a +1 short sword of venom.
You see here a +0 mace.
There is a stone staircase leading up, spattered with blood here.
You climb upwards.
There is a stone staircase leading down here.
There is a stone staircase leading up here.
You climb upwards.
There is a stone staircase leading down here.
You feel like a meek peon again.
(D) Dungeon (T) Temple (L) Lair (S) Swamp (N) Spider Nest (M) Slime Pits (O) Orcish Mines (E) Elven Halls (V) Vaults (C) Crypt (U) Depths (H) Hell (Z) Zot
Where to? (Enter - D:1 @ (x,y), ? - help)
A Brimstone Fiend comes into view.
Really read
o - 12 scrolls of teleportation {@r3 !r}?
As you read the scroll of teleportation {@r3 !r}, it crumbles to dust.
You feel strangely unstable.
You feel the Orb delaying your translocation!
A reaper comes into view. It is wielding a +2 scythe of slicing.
The reaper moves out of view.
Really quaff
v - 12 potions of curing {@q1 !q}? [Y]es or [N]o only, please.
Really quaff
v - 12 potions of curing {@q1 !q}?
You feel better.
Really quaff
v - 11 potions of curing {@q1 !q}?
You feel better.
Really quaff
v - 10 potions of curing {@q1 !q}?
You feel better.
Really quaff
x - 4 potions of haste {@q4 !q}?
You feel yourself speed up. The Brimstone Fiend gestures at you.
The sphere of damnation explodes!
The damnation engulfs you!!!
Unknown command.
Your surroundings suddenly seem different.
(D) Dungeon (T) Temple (L) Lair (S) Swamp (N) Spider Nest (M) Slime Pits (O) Orcish Mines (E) Elven Halls (V) Vaults (C) Crypt (U) Depths (H) Hell (Z) Zot
Where to? (Enter - D:1 @ (x,y), ? - help)
There is a stone staircase leading up here.
You climb upwards.
There is a stone staircase leading down here.
Things that are here:
a +0 scale mail; a +0 club
There is a stone staircase leading up here.
You climb upwards.
There is a stone staircase leading down here.
Your extra speed is starting to run out.
You feel yourself slow down.
There is a stone staircase leading up here.
You climb upwards.
Level annotation: Sigmund
There is a stone staircase leading down here.
A red devil, a balrug and 2 sun demons come into view.
The balrug is wielding a +2 vampiric demon whip.
There is a stone staircase leading up here.
The sun demon shouts! x2
There is a stone staircase leading up here.
The balrug gestures at you. Something smites you!
You climb upwards.
There is a stone staircase leading down here.
(D) Dungeon (T) Temple (L) Lair (S) Swamp (N) Spider Nest (M) Slime Pits (O) Orcish Mines (E) Elven Halls (V) Vaults (C) Crypt (U) Depths (H) Hell (Z) Zot
Where to? (Enter - D:1 @ (x,y), ? - help)
A hellion comes into view.
The hellion gives a hideous shriek!
Press: ? - help, v - describe, . - travel
Here: a hellion The floor.
You fade into invisibility!
You are very lightly contaminated with residual magic.
You see here 21 sling bullets.
The hellion gestures at something.
The sphere of damnation explodes!
The damnation engulfs you!!
Really quaff
x - 3 potions of haste {@q4 !q}?
You feel yourself speed up.
There is a staircase leading out of the dungeon here.
You have escaped!

#...P.P..####.........
#..P#≈#P.# ##........
#..##≈##.# ##.......
#..≈≈≈≈≈.# ###.....
##.##≈##.# #.÷...
#.P#≈#P.# #.####
#..P.P..# #.#
#.......# #>#
#...@...# #.##
##.......## #..#
#...P.P...# ##.#
#..P#≈#P..# #.###
#..##≈##..# ###...(
#..≈≈≈≈≈..######...###
#..##≈##........2#.###
#..P#≈#P.#####.###(..#
#...P.P..# #.# ###.#


There were no monsters in sight!

Vanquished Creatures
  the Royal Jelly (Slime:5)
  3 orbs of fire (Zot:5)
  Mara (Swamp:3)
  2 ancient liches (Zot:5)
  A juggernaut (Depths:3)
  the Lernaean hydra (Swamp:4)
  Bai Suzhen (Swamp:4)
  7 Killer Klowns
  6 golden dragons
  A curse toe (Zot:3)
  the Enchantress (Depths:3)
  Nikola (Elf:2)
  Arachne (Spider:3)
  3 electric golems
  A Brimstone Fiend (D:8)
  19 tentacled monstrosities
  Jorgrun (Elf:2)
  20 Orb Guardians (Zot:5)
  2 deep elf master archers (Elf:3)
  3 liches
  13 quicksilver dragons
  3 deep elf blademasters
  A titan (Depths:2)
  22 acid blobs
  9 death cobs
  2 thorn hunters
  3 sphinxes
  3 tengu reavers
  3 shadow dragons
  10 storm dragons
  8 draconian monks
  Donald (Vaults:4)
  14 azure jellies
  13 fire giants
  10 ghost moths
  12 frost giants
  4 draconian knights
  Aizul (Vaults:1)
  8 deep elf sorcerers
  11 draconian scorchers
  Louise (Spider:4)
  An orc warlord (Orc:1)
  5 vault wardens
  5 emperor scorpions
  An emperor scorpion (shapeshifter) (Vaults:2)
  3 iron dragons
  3 deep elf elementalists
  10 draconian stormcallers
  11 ironheart preservers
  8 draconian annihilators
  19 very ugly things
  3 spriggan defenders
  A war gargoyle (WizLab)
  5 draconian shifters
  4 vampire knights
  7 deep elf demonologists
  4 entropy weavers
  5 deep elf annihilators
  16 stone giants
  12 black draconians
  8 purple draconians
  15 red draconians
  12 green draconians
  12 white draconians
  13 yellow draconians
  11 spark wasps
  15 ettins
  Snorg (Lair:5)
  6 deep elf death magi
  3 crystal guardians (WizLab)
  5 fire dragons
  9 death oozes
  The ghost of Weugil the Slicer, a journeyman HaBe of Trog (Lair:2)
  3 deep elf high priests
  6 jiangshi
  16 yaktaur captains
  17 great orbs of eyes
  9 ice dragons
  21 hydras
  12 vault guards
  Erolcha (D:11)
  A shambling mangrove (Swamp:4)
  A hell beast (Depths:1)
  8 rakshasas
  8 spriggan air magi
  56 two-headed ogres
  12 centaur warriors
  25 dancing weapons
  4 ghost crabs
  A death knight (Vaults:4)
  16 alligators
  3 hell hogs
  The ghost of Nuaczokh the Carver, a novice MiFi of Wu Jian (D:9)
  23 ogre magi
  8 death scarabs (Spider:4)
  9 deep troll earth magi
  6 vampire magi
  8 tengu warriors
  9 deep troll shamans
  2 orc high priests
  5 spriggan berserkers
  2 iron golems (WizLab)
  23 deep elf knights
  A soul eater (Depths:1)
  A sun demon (Depths:1)
  6 skeletal warriors
  Nergalle (D:12)
  A shadow wraith (Vaults:3)
  A spectral emperor scorpion (Spider:4)
  5 iron trolls
  4 flayed ghosts
  2 spriggan druids
  3 unseen horrors
  4 glowing orange brains
  An orange crystal statue (Zot:5)
  19 deep trolls
  7 swamp dragons
  17 deep elf archers
  A lindwurm (shapeshifter) (Depths:1)
  A wizard (Depths:1)
  8 harpies (Vaults:2)
  13 ironbrand convokers
  2 spectral wolf spiders (Spider:4)
  A lindwurm (Depths:3)
  2 necromancers
  19 orb spiders
  6 orc knights
  77 deep elf magi
  3 wolf spider zombies
  A phantasmal warrior (Vaults:4)
  6 orc sorcerers
  50 ugly things
  7 oklob plants
  31 wolf spiders
  A manticore (D:13)
  2 human zombies (Vaults:4)
  3 shining eyes
  A salamander (shapeshifter) (Elf:1)
  5 cyclopes
  37 moths of wrath
  5 eyes of devastation
  A rust devil (Depths:2)
  A toenail golem (WizLab)
  A smoke demon (D:8)
  9 vault sentinels
  4 black mambas
  2 black mambas (shapeshifter)
  A spiny frog (shapeshifter) (D:15)
  A torpor snail (Spider:2)
  A yaktaur (shapeshifter) (D:15)
  9 gargoyles
  2 rime drakes
  A freezing wraith (Vaults:4)
  3 spectral redbacks (Spider:4)
  8 spiny frogs
  A komodo dragon (shapeshifter) (Vaults:1)
  32 yaktaurs
  An efreet (D:13)
  11 demonic crawlers
  2 komodo dragons
  7 tengu conjurers
  An ice devil (Depths:1)
  2 queen bees
  2 meliai (shapeshifter)
  11 tyrant leeches
  16 trolls
  A polar bear (shapeshifter) (D:14)
  7 meliai
  44 jumping spiders
  13 hornets
  A wind drake (shapeshifter) (Vaults:4)
  3 spectral tarantellas (Spider:4)
  4 blink frogs
  4 bog bodies
  A hornet (shapeshifter) (Vaults:3)
  6 polar bears
  3 spectral jumping spiders (Spider:4)
  Prince Ribbit (D:7)
  A raiju (shapeshifter) (Depths:5)
  4 jumping spider zombies (Spider:4)
  3 large abominations (Depths:4)
  9 hippogriffs
  154 slime creatures
  9 dream sheep
  4 shadows
  71 redbacks
  A spriggan (shapeshifter) (D:15)
  2 air elementals (Elf:3)
  22 tarantellas
  23 spriggans
  A tarantella (shapeshifter) (Vaults:2)
  6 wyverns
  13 water elementals
  A golden eye (shapeshifter) (D:15)
  Eustachio (D:4)
  A fire bat (shapeshifter) (Vaults:3)
  9 humans (Zot:3)
  A hungry ghost (D:10)
  22 yaks
  A human (shapeshifter) (D:13)
  2 basilisks
  15 vampire mosquitoes
  2 chaos spawn (Depths:4)
  9 golden eyes (Slime:3)
  16 swamp worms
  9 wargs
  5 insubstantial wisps (Swamp:4)
  An acid dragon (D:15)
  14 water moccasins
  A soldier ant (shapeshifter) (D:13)
  The ghost of Elvalys the Sneak, an amateur VSAs (D:3)
  3 floating eyes
  A hell hound (Depths:1)
  A hornet zombie (D:9)
  9 small abominations
  3 spectral hornets (Spider:4)
  6 black bears
  11 porcupines
  15 swamp drakes
  27 orc warriors
  5 phantoms
  9 eyes of draining
  An eye of draining (shapeshifter) (Vaults:2)
  3 ice beasts
  4 sky beasts
  52 ogres
  20 wolves
  5 boggarts (Lair:6)
  7 crocodiles
  16 centaurs
  5 big kobolds
  A gnoll sergeant (D:10)
  A wyvern zombie (D:3)
  22 bullfrogs
  4 earth elementals (WizLab)
  A wyvern skeleton (D:11)
  A water moccasin zombie (D:6)
  6 scorpions
  2 human simulacra
  6 wights
  42 killer bees
  2 howler monkeys (D:7)
  2 electric eels (Spider:1)
  9 crimson imps
  3 centaur zombies
  3 bullfrog zombies
  5 centaur skeletons
  6 jellies
  6 hounds
  4 bullfrog skeletons
  15 orc priests
  An iguana (D:11)
  2 iron imps
  17 worker ants
  22 orc wizards
  A big kobold zombie (Ossuary)
  2 hound skeletons (D:9)
  8 mummies (Ossuary)
  A worker ant zombie (D:7)
  10 adders
  13 gnolls
  A howler monkey skeleton (D:10)
  5 shadow imps
  12 white imps (D:11)
  2 adder zombies (D:8)
  4 adder skeletons
  2 worms
  6 dart slugs
  8 leopard geckos
  86 orcs
  4 giant cockroaches
  5 goblins
  7 hobgoblins
  15 jackals
  22 kobolds
  3 quokkas
  2 ball pythons
  5 bats
  9 frilled lizards
  A jackal zombie (D:5)
  3 kobold zombies (Ossuary)
  4 orc zombies (Ossuary)
  8 rats
  6 plants
2426 creatures vanquished.

Vanquished Creatures (collateral kills)
  An orb of fire (Zot:5)
  A Killer Klown (Zot:5)
  A storm dragon (Zot:5)
3 creatures vanquished.

Vanquished Creatures (others)
  A lich (Depths:5)
  A deep elf elementalist (Elf:3)
  A deep elf annihilator (Elf:3)
  A deep elf knight (Vaults:2)
  A redback (shapeshifter) (D:13)
  A ball lightning (Zot:5)
  2 briar patches (Swamp:2)
  4 fungi (Lair:5)
  29 plants
41 creatures vanquished.

Grand Total: 2470 creatures vanquished

Notes
Turn   | Place    | Note
-------+----------+-------------------------------------------
     0 | D:1      | MisterOstroum the Centaur Hunter began the quest for the
                  | Orb.
     0 | D:1      | Reached XP level 1. HP: 17/17 MP: 1/1
   324 | D:1      | Reached XP level 2. HP: 20/24 MP: 2/2
   893 | D:1      | Reached skill level 1 in Short Blades
  1356 | D:2      | Reached XP level 3. HP: 29/30 MP: 3/3
  1506 | D:2      | Noticed Sigmund
  1722 | D:3      | Reached XP level 4. HP: 31/37 MP: 4/4
  2650 | D:3      | Found a runed translucent gate.
  2650 | D:3      | Found a runed translucent gate.
  2651 | D:3      | Found a runed translucent gate.
  2654 | D:3      | Noticed Elvalys's ghost (amateur VSAs)
  2917 | D:3      | Reached XP level 5. HP: 42/42 MP: 5/5
  3168 | D:3      | Reached skill level 3 in Fighting
  3703 | D:3      | Reached XP level 6. HP: 50/51 MP: 6/6
  3985 | D:4      | Found a bloodstained altar of Trog.
  4014 | D:4      | Noticed Eustachio
  4585 | D:4      | Reached skill level 4 in Fighting
  4787 | D:4      | Reached XP level 7. HP: 58/59 MP: 7/7
  5127 | D:5      | Entered Level 5 of the Dungeon
  5203 | D:4      | Killed Eustachio
  5259 | D:5      | Found a staircase to the Ecumenical Temple.
  5273 | Temple   | Entered the Ecumenical Temple
  5399 | Temple   | Became a worshipper of Warmaster Okawaru
  5577 | D:5      | Reached skill level 10 in Bows
  5686 | D:5      | Reached skill level 5 in Fighting
  5725 | D:5      | Found a sand-covered staircase.
  5731 | Ossuary  | Entered an ossuary
  5848 | Ossuary  | Reached XP level 8. HP: 63/68 MP: 8/8
  6111 | D:5      | Found a bloodstained altar of Trog.
  6216 | D:5      | Reached * piety under Okawaru
  6662 | D:6      | Reached skill level 6 in Fighting
  6793 | D:6      | Reached ** piety under Okawaru
  7231 | D:6      | Reached XP level 9. HP: 78/78 MP: 9/9
  7330 | D:6      | Reached skill level 1 in Invocations
  7772 | D:7      | Reached skill level 7 in Fighting
  7934 | D:7      | Noticed a skeletal warrior
  7935 | D:7      | Noticed a skeletal warrior
  7936 | D:7      | Noticed a skeletal warrior
  8093 | D:7      | Noticed a skeletal warrior
  8240 | D:6      | Killed a skeletal warrior
  8240 | D:6      | Reached *** piety under Okawaru
  8509 | D:7      | Noticed Prince Ribbit
  8531 | D:7      | Killed Prince Ribbit
  8761 | D:7      | Killed a skeletal warrior
  8761 | D:7      | Reached skill level 8 in Fighting
  8761 | D:7      | Reached skill level 1 in Armour
  8761 | D:7      | Reached XP level 10. HP: 85/88 MP: 12/12
  8807 | D:7      | Killed a skeletal warrior
  8807 | D:7      | Reached **** piety under Okawaru
  8807 | D:7      | Received a gift from Okawaru
  9099 | D:7      | Killed a skeletal warrior
  9416 | D:7      | Learned a level 1 spell: Apportation
  9571 | D:8      | Noticed a four-headed hydra
  9620 | D:8      | Killed a four-headed hydra
  9871 | D:8      | Received a gift from Okawaru
 10414 | D:8      | Reached skill level 9 in Fighting
 10720 | D:8      | Reached XP level 11. HP: 97/97 MP: 13/13
 11121 | D:8      | Received a gift from Okawaru
 11287 | D:8      | Reached skill level 10 in Fighting
 11661 | D:9      | Noticed Nuaczokh's ghost (novice MiFi)
 11859 | D:3      | Killed Elvalys's ghost
 12048 | D:9      | Found an ancient bone altar of Kikubaaqudgha.
 12095 | D:9      | Found a burning altar of Makhleb.
 12095 | D:9      | Found a hazy altar of Hepliaklqana.
 12101 | D:9      | Found a white marble altar of Elyvilon.
 12134 | D:9      | Found a runed translucent gate.
 12134 | D:9      | Found a runed translucent gate.
 12135 | D:9      | Found a runed translucent gate.
 12222 | D:9      | Reached ***** piety under Okawaru
 12268 | D:9      | Received a gift from Okawaru
 12282 | D:9      | Found a staircase to the Orcish Mines.
 12319 | D:9      | Reached skill level 1 in Evocations
 12418 | D:9      | Found a stormy altar of Qazlal.
 12589 | D:9      | Found Heuv's Weapon Boutique.
 12646 | D:9      | Noticed a catoblepas
 13053 | D:10     | Entered Level 10 of the Dungeon
 13547 | D:10     | Received a gift from Okawaru
 13547 | D:10     | Reached skill level 5 in Invocations
 13687 | D:10     | Found a bloodstained altar of Trog.
 14134 | D:11     | Noticed a cyan ugly thing
 14269 | D:10     | Killed a cyan ugly thing
 14884 | D:11     | Noticed Erolcha
 14941 | Orc:1    | Entered Level 1 of the Orcish Mines
 14946 | Orc:1    | Noticed an orc sorcerer
 15317 | D:9      | Reached skill level 5 in Armour
 15448 | D:9      | Killed an orc sorcerer
 15891 | Orc:2    | Entered Level 2 of the Orcish Mines
 15891 | Orc:2    | Found a staircase to the Elven Halls.
 16098 | Orc:1    | Received a gift from Okawaru
 16114 | Orc:2    | Noticed a deep troll
 16114 | Orc:2    | Noticed a two-headed ogre
 16136 | Orc:2    | Noticed an orc sorcerer
 16144 | Orc:2    | Killed an orc sorcerer
 16144 | Orc:2    | Reached skill level 11 in Fighting
 16183 | Orc:2    | Found Lazutz's Antique Weapon Shoppe.
 16183 | Orc:2    | Noticed a two-headed ogre
 16334 | Orc:1    | Killed a deep troll
 16334 | Orc:1    | Received a gift from Okawaru
 16334 | Orc:1    | Reached XP level 12. HP: 82/110 MP: 16/16
 16795 | D:9      | Killed Nuaczokh's ghost
 16947 | D:9      | Identified the Disquisition on Arcane Weapons
 17143 | D:9      | Got a warped short sword
 17400 | D:11     | Found a staircase to the Lair.
 17940 | D:10     | Received a gift from Okawaru
 18045 | Lair:1   | Entered Level 1 of the Lair of Beasts
 18937 | Lair:1   | Reached skill level 15 in Bows
 18949 | Lair:1   | Received a gift from Okawaru
 19768 | Lair:2   | Found a transporter.
 19815 | Lair:2   | Found a transporter.
 20633 | Lair:2   | Reached skill level 12 in Fighting
 20645 | Lair:2   | Noticed Weugil's ghost (journeyman HaBe)
 20924 | Lair:3   | Received a gift from Okawaru
 20977 | Lair:3   | Noticed a four-headed hydra
 20999 | Lair:3   | Killed a four-headed hydra
 21314 | Lair:3   | Found a runed translucent door.
 21315 | Lair:3   | Found a shimmering altar of Xom.
 21315 | Lair:3   | Noticed Pigabica's ghost (journeyman MfSk)
 22488 | Lair:4   | Reached XP level 13. HP: 92/119 MP: 19/19
 22549 | Lair:4   | Found a hole to the Spider Nest.
 22767 | Lair:4   | Received a gift from Okawaru
 22902 | Lair:4   | Found a staircase to the Swamp.
 24082 | Lair:5   | Reached skill level 13 in Fighting
 24082 | Lair:5   | Reached skill level 5 in Evocations
 24089 | Lair:5   | Noticed Snorg
 24777 | Lair:5   | Found a staircase to the Slime Pits.
 24790 | Lair:5   | Found a viscous altar of Jiyva.
 25223 | Lair:5   | Killed Snorg
 25481 | Lair:6   | Entered Level 6 of the Lair of Beasts
 26962 | Lair:6   | Received a gift from Okawaru
 27258 | Lair:2   | Received a gift from Okawaru
 27515 | Lair:2   | Reached skill level 14 in Fighting
 27807 | D:11     | Found Xauf's Antique Armour Emporium.
 27821 | D:11     | Bought a pair of embroidered gloves for 210 gold pieces
 28151 | D:11     | Identified the +6 short sword "Newtslayer" {drain, *Noise
                  | Str+2 Int+2 Dex+4} (You found it on level 9 of the Dungeon)
 28333 | D:12     | Noticed Nergalle
 28355 | D:12     | Killed Nergalle
 29128 | D:13     | Reached XP level 14. HP: 132/132 MP: 20/20
 30453 | D:13     | Reached skill level 10 in Invocations
 31173 | D:14     | Found a gate to the Vaults.
 31277 | D:14     | Found a sparkling altar of Nemelex Xobeh.
 31946 | D:15     | Entered Level 15 of the Dungeon
 32007 | D:15     | Received a gift from Okawaru
 32619 | D:15     | Received a gift from Okawaru
 33287 | D:15     | Found a staircase to the Depths.
 34074 | Orc:2    | Received a gift from Okawaru
 34243 | Orc:2    | Received a gift from Okawaru
 34327 | Orc:2    | Reached skill level 15 in Fighting
 34374 | Orc:2    | Reached XP level 15. HP: 141/141 MP: 22/22
 34398 | Orc:2    | Found Zekhluego's Gadget Shop.
 34410 | Orc:2    | Found Zoaphese's General Store.
 34545 | Orc:2    | Found Sauntat's Magic Scroll Emporium.
 34557 | Orc:2    | Bought a scroll of enchant weapon for 82 gold pieces
 34735 | Orc:2    | Bought a scroll of identify for 26 gold pieces
 34735 | Orc:2    | Bought a scroll of teleportation for 39 gold pieces
 34735 | Orc:2    | Bought a scroll of identify for 26 gold pieces
 34735 | Orc:2    | Bought a scroll of teleportation for 39 gold pieces
 34735 | Orc:2    | Bought a scroll of teleportation for 39 gold pieces
 34735 | Orc:2    | Bought a scroll of torment for 97 gold pieces
 35078 | Orc:1    | Noticed an orc warlord
 35151 | Elf:1    | Entered Level 1 of the Elven Halls
 35403 | Elf:1    | Received a gift from Okawaru
 35640 | Elf:1    | Reached ****** piety under Okawaru
 35932 | Elf:1    | Noticed a deep elf sorcerer
 36054 | D:11     | Killed Erolcha
 36182 | Swamp:1  | Entered Level 1 of the Swamp
 36763 | Swamp:1  | You are sucked into a shaft and drop 1 floor!
 36774 | Swamp:2  | Reached skill level 10 in Evocations
 36926 | Swamp:2  | Received a gift from Okawaru
 36930 | Swamp:2  | Got a dazzling longbow {god gift}
 36930 | Swamp:2  | Identified the +8 longbow of Xacoudd {venom, +Fly rElec MR+
                  | Int+2} (Okawaru gifted it to you on level 2 of the Swamp)
 38023 | Swamp:2  | Noticed a thorn hunter
 38151 | Swamp:2  | Reached skill level 5 in Dodging
 38328 | Swamp:2  | Killed a thorn hunter
 38593 | Swamp:3  | Reached XP level 16. HP: 149/149 MP: 23/23
 38617 | Swamp:3  | Noticed a tentacled monstrosity
 38627 | Swamp:3  | Killed a tentacled monstrosity
 38832 | Swamp:3  | Noticed Mara
 38990 | Swamp:3  | Noticed MisterOstroum's illusion
 39015 | Swamp:3  | Killed Mara
 39015 | Swamp:3  | Received a gift from Okawaru
 39670 | Swamp:4  | Entered Level 4 of the Swamp
 39703 | Swamp:4  | Reached skill level 1 in Long Blades
 39992 | Swamp:4  | Noticed Bai Suzhen
 40023 | Swamp:4  | Killed Bai Suzhen
 40118 | Swamp:4  | Noticed a thorn hunter
 40127 | Swamp:4  | Killed a thorn hunter
 40742 | Swamp:4  | Noticed the 27-headed Lernaean hydra
 40767 | Swamp:4  | Killed the 27-headed Lernaean hydra
 40767 | Swamp:4  | Received a gift from Okawaru
 40767 | Swamp:4  | Reached skill level 16 in Fighting
 40994 | Swamp:4  | Received a gift from Okawaru
 41286 | Swamp:4  | Got a decaying rune of Zot
 41619 | Vaults:1 | Entered Level 1 of the Vaults
 41863 | Vaults:1 | Received a gift from Okawaru
 41884 | Vaults:1 | Reached XP level 17. HP: 117/158 MP: 24/24
 42273 | Vaults:1 | Received a gift from Okawaru
 42546 | Vaults:1 | You fall into a shaft and drop 1 floor!
 42974 | Vaults:1 | Noticed Aizul
 42997 | Vaults:1 | Killed Aizul
 44447 | Vaults:2 | Reached skill level 10 in Armour
 44695 | Vaults:2 | Received a gift from Okawaru
 44701 | Vaults:2 | Identified a scroll of acquirement
 44824 | Vaults:2 | Reached skill level 5 in Long Blades
 45449 | Vaults:2 | Reached skill level 17 in Fighting
 46313 | Vaults:2 | Reached XP level 18. HP: 169/169 MP: 25/25
 46939 | Vaults:3 | Received a gift from Okawaru
 46967 | Vaults:3 | Received a gift from Okawaru
 48532 | Vaults:3 | Found a staircase to the Crypt.
 48532 | Vaults:3 | Found a basalt altar of Yredelemnul.
 48537 | Vaults:3 | Received a gift from Okawaru
 48540 | Vaults:3 | Found an ancient bone altar of Kikubaaqudgha.
 48657 | Vaults:3 | Identified the Grimoire of Ice
 48846 | Vaults:3 | Reached skill level 10 in Dodging
 48872 | Vaults:3 | Received a gift from Okawaru
 48877 | Vaults:3 | Got a pair of steaming gloves {god gift}
 48907 | Vaults:3 | Reached skill level 18 in Fighting
 49540 | Vaults:4 | Identified the +0 pair of gloves of Decompression {rPois
                  | Str-4 Dex+6 SInv} (Okawaru gifted it to you on level 3 of
                  | the Vaults)
 49936 | Vaults:4 | Reached XP level 19. HP: 158/179 MP: 21/26
 50121 | Vaults:4 | Identified the Tome of the Turtle
 50640 | Vaults:4 | Noticed Donald
 50648 | Vaults:4 | Killed Donald
 52394 | Spider:1 | Entered Level 1 of the Spider Nest
 52626 | Spider:1 | Received a gift from Okawaru
 52971 | Spider:1 | Reached skill level 1 in Translocations
 53671 | Spider:2 | Received a gift from Okawaru
 53793 | Spider:1 | Learned a level 2 spell: Blink
 54113 | Spider:2 | Noticed Ikly's ghost (journeyman GrFi)
 54243 | Spider:2 | Found a transporter.
 54260 | Spider:2 | Found a transporter.
 54509 | Spider:2 | Received a gift from Okawaru
 54509 | Spider:2 | Reached skill level 1 in Spellcasting
 54510 | Spider:2 | Got a scorched helmet {god gift}
 54521 | Spider:2 | Identified the +0 helmet of Agoraphobia {Str-5 Dex+2 Slay+2
                  | Stlth+} (Okawaru gifted it to you on level 2 of the Spider
                  | Nest)
 56017 | Spider:3 | Reached skill level 19 in Fighting
 56896 | Spider:3 | Noticed Arachne
 56914 | Spider:3 | Killed Arachne
 57157 | Spider:3 | Reached XP level 20. HP: 191/191 MP: 25/27
 57519 | Spider:4 | Entered Level 4 of the Spider Nest
 58345 | Spider:4 | Got a pair of jewelled gloves
 58841 | Spider:4 | Noticed Louise
 58856 | Spider:4 | Killed Louise
 58895 | Spider:4 | Received a gift from Okawaru
 58902 | Spider:4 | Identified the +0 pair of gloves "Kaunih" {-Tele rF+ SInv}
                  | (You found it on level 4 of the Spider Nest)
 59425 | Spider:4 | Upgraded the game from 0.24.0-10-g970556be89 to
                  | 0.24.0-13-gcf9b3192b9
 59978 | Spider:4 | Received a gift from Okawaru
 60113 | Spider:4 | Received a gift from Okawaru
 60114 | Spider:4 | Got a dazzling longbow {god gift}
 60114 | Spider:4 | Identified the +5 longbow of Xoodamni {venom, rC- Str+5
                  | Int+2 Stlth+} (Okawaru gifted it to you on level 4 of the
                  | Spider Nest)
 60449 | Spider:4 | Reached skill level 5 in Translocations
 60568 | Spider:4 | Got a gossamer rune of Zot
 62061 | Vaults:5 | Entered Level 5 of the Vaults
 62086 | Vaults:4 | Reached skill level 20 in Fighting
 62519 | Orc:2    | Bought a scroll of fear for 45 gold pieces
 62719 | Slime:1  | Entered Level 1 of the Pits of Slime
 62752 | Slime:1  | Received a gift from Okawaru
 63865 | Slime:5  | Entered Level 5 of the Pits of Slime
 63960 | Slime:5  | Received a gift from Okawaru
 64119 | Slime:5  | Gained mutation: Your spells are a little easier to cast,
                  | but a little less powerful. [a shining eye]
 64121 | Slime:5  | Gained mutation: You passively map a small area around you.
                  | [a shining eye]
 64316 | Slime:5  | Received a gift from Okawaru
 64358 | Slime:5  | Noticed the Royal Jelly
 64386 | Slime:5  | Killed the Royal Jelly
 64386 | Slime:5  | Reached XP level 21. HP: 87/201 MP: 8/28
 64634 | Slime:5  | Reached skill level 5 in Spellcasting
 64876 | Slime:5  | Received a gift from Okawaru
 64877 | Slime:5  | Got an iridescent triple sword {god gift}
 64877 | Slime:5  | Identified the +4 triple sword "Xaoshiw" {elec, *Drain
                  | rPois rF+ Dex+3} (Okawaru gifted it to you on level 5 of
                  | the Pits of Slime)
 64902 | Slime:5  | Found the +7 lajatang of Order {silver, rMut}
 65002 | Slime:5  | Got a slimy rune of Zot
 65017 | Slime:5  | Identified Zeusass's Collected Works on Evil Weightlessness
 65044 | Slime:5  | Found the -2 hat of the Alchemist {rElec rPois rF+ rC+ rN+
                  | MR+ rMut rCorr}
 65669 | Slime:4  | Reached skill level 10 in Translocations
 67563 | Slime:2  | Received a gift from Okawaru
 69217 | Lair:2   | Paralysed by a hornet for 3 turns
 69230 | Lair:2   | Received a gift from Okawaru
 69253 | Lair:2   | Killed Weugil's ghost
 69260 | Lair:2   | Identified the +4 great sword "Ruqutwa" {pain, +Blink rC+
                  | Dex+3} (Okawaru gifted it to you on level 2 of the Lair of
                  | Beasts)
 69599 | Elf:1    | Identified the Almanac of Blows and Bruises
 70116 | Elf:2    | Found a runed translucent gate.
 70116 | Elf:2    | Found a runed translucent gate.
 70117 | Elf:2    | Found a runed translucent gate.
 70656 | Elf:2    | Noticed Jorgrun
 70675 | Elf:2    | Killed Jorgrun
 71099 | Elf:2    | Received a gift from Okawaru
 71130 | Elf:2    | Noticed Nikola
 71141 | Elf:2    | Killed Nikola
 71545 | Depths:1 | Entered Level 1 of the Depths
 72046 | D:15     | Received a gift from Okawaru
 72058 | D:15     | Reached XP level 22. HP: 43/211 MP: 6/31
 72661 | Depths:1 | Identified the cursed +1 great mace "Cuyffuca" {flame, rF+
                  | Dex+2}
 73954 | Depths:1 | Found Tishrir's Weapon Shop.
 73967 | Depths:1 | You fall into a shaft and drop 1 floor!
 74045 | Depths:2 | Found a magical portal.
 74458 | WizLab   | Received a gift from Okawaru
 74741 | Depths:1 | Found a gateway to Hell.
 75221 | Depths:1 | Learned a level 3 spell: Lesser Beckoning
 75225 | Depths:1 | Learned a level 3 spell: Teleport Other
 75230 | Depths:1 | Learned a level 4 spell: Passage of Golubria
 75233 | Depths:1 | Learned a level 2 spell: Shroud of Golubria
 75256 | Depths:1 | Found a gateway to a ziggurat.
 75397 | Depths:1 | Got a steaming helmet
 75459 | Depths:1 | Found a portal to a secret trove of treasure.
 75760 | Hell     | Entered the Vestibule of Hell
 75760 | Hell     | Noticed Geryon
 76588 | Depths:2 | Reached XP level 23. HP: 164/218 MP: 25/33
 76938 | Depths:2 | Found a one-way gate to the infinite horrors of the Abyss.
 77403 | Depths:3 | Found a one-way gate leading to the halls of Pandemonium.
 77502 | Depths:2 | Received a gift from Okawaru
 78369 | Depths:3 | Noticed the Enchantress
 78384 | Depths:3 | Killed the Enchantress
 78438 | Depths:3 | Noticed a juggernaut
 78452 | Depths:3 | Killed a juggernaut
 78452 | Depths:3 | Reached skill level 21 in Fighting
 79289 | Depths:3 | Found a one-way gate leading to the halls of Pandemonium.
 79517 | Depths:4 | Reached skill level 15 in Invocations
 79648 | Depths:4 | You fall into a shaft and drop 1 floor!
 79648 | Depths:5 | Entered Level 5 of the Depths
 80718 | Depths:4 | Received a gift from Okawaru
 81040 | Depths:4 | Received a gift from Okawaru
 81261 | Depths:4 | Received a gift from Okawaru
 82578 | Depths:4 | Reached XP level 24. HP: 222/228 MP: 33/34
 84457 | Depths:5 | Received a gift from Okawaru
 84720 | Depths:5 | Received a gift from Okawaru
 84839 | Depths:5 | Reached skill level 15 in Armour
 85290 | Depths:5 | Found a gate to the Realm of Zot.
 85655 | Elf:3    | Entered Level 3 of the Elven Halls
 85685 | Elf:3    | Found Ibayl's Weapon Shoppe.
 85692 | Elf:3    | Found Xeoma's Book Shop.
 85751 | Elf:3    | Found Ecakk's Antique Weapon Emporium.
 85922 | Elf:3    | Found Yduvi's Distillery.
 85939 | Elf:3    | Bought a potion of brilliance for 48 gold pieces
 85939 | Elf:3    | Bought a potion of haste for 120 gold pieces
 85939 | Elf:3    | Bought a potion of heal wounds for 60 gold pieces
 85939 | Elf:3    | Bought a potion of heal wounds for 60 gold pieces
 85939 | Elf:3    | Bought a potion of brilliance for 48 gold pieces
 85939 | Elf:3    | Bought a potion of agility for 48 gold pieces
 85939 | Elf:3    | Bought a potion of agility for 48 gold pieces
 85939 | Elf:3    | Bought a potion of brilliance for 48 gold pieces
 85939 | Elf:3    | Bought a potion of heal wounds for 60 gold pieces
 85939 | Elf:3    | Bought 2 potions of heal wounds for 120 gold pieces
 85939 | Elf:3    | Bought a potion of haste for 120 gold pieces
 85939 | Elf:3    | Bought a potion of flight for 36 gold pieces
 87178 | Elf:3    | Identified the ring of the Commoners {*Contam rF+ MP+9
                  | Str+3}
 87441 | Elf:3    | Found the +6 arbalest "Damnation" {damnation}
 87456 | Elf:3    | Identified Loseoqaj's Incunabulum of Changing and the
                  | Mountains
 87461 | Elf:3    | Identified the Grimoire of Sulphur
 87526 | Elf:3    | Identified the Grimoire of the Volcanoes and the Traveller
 88074 | Zot:1    | Entered Level 1 of the Realm of Zot
 88108 | Depths:5 | Received a gift from Okawaru
 88144 | Depths:5 | Reached skill level 22 in Fighting
 88169 | Depths:5 | Got an encrusted centaur barding {god gift}
 88170 | Depths:5 | Identified the +1 centaur barding "Cisaps" {-Cast rElec
                  | rPois} (Okawaru gifted it to you on level 5 of the Depths)
 88622 | Zot:1    | Reached XP level 25. HP: 236/238 MP: 32/34
 91558 | Zot:2    | Reached skill level 23 in Fighting
 91847 | Zot:2    | Received a gift from Okawaru
 93532 | Zot:5    | Entered Level 5 of the Realm of Zot
 94122 | Zot:5    | Reached XP level 26. HP: 222/253 MP: 32/34
 94738 | Zot:3    | Reached skill level 24 in Fighting
 94905 | Zot:3    | Received a gift from Okawaru
 96580 | Zot:4    | Reached skill level 25 in Fighting
 97055 | Zot:4    | Received a gift from Okawaru
 97875 | Zot:5    | Received a gift from Okawaru
 97884 | Zot:5    | Identified the +4 longbow of Sin {flame, rF+ SInv} (Okawaru
                  | gifted it to you on level 5 of the Realm of Zot)
 98657 | Zot:5    | Noticed an orb of fire
 98694 | Zot:5    | Noticed an orb of fire
 98923 | Zot:5    | Killed an orb of fire
 98923 | Zot:5    | Reached skill level 26 in Fighting
 98964 | Zot:5    | Noticed an ancient lich
 98973 | Zot:5    | Killed an ancient lich
 98988 | Zot:5    | Received a gift from Okawaru
 99030 | Zot:5    | Noticed an orb of fire
 99044 | Zot:5    | Killed an orb of fire
 99044 | Zot:5    | Reached XP level 27. HP: 216/270 MP: 27/34
 99060 | Zot:5    | Received a gift from Okawaru
 99061 | Zot:5    | Identified the -4 helmet "Farea" {rC+ Dex+2} (Okawaru
                  | gifted it to you on level 5 of the Realm of Zot)
 99506 | Zot:5    | Killed an orb of fire
 99531 | Zot:5    | Reached skill level 27 in Fighting
100419 | Zot:5    | Noticed an ancient lich
100848 | Zot:5    | Killed an ancient lich
100850 | Zot:5    | Noticed an orb of fire
100881 | Zot:5    | Killed an orb of fire
101558 | Zot:5    | Got the Orb of Zot
101566 | Zot:5    | Noticed Yzimm the pandemonium lord
101605 | Zot:5    | Noticed Daefot the pandemonium lord
101757 | Depths:3 | Noticed Mixt the pandemonium lord
102166 | D:$      | Escaped with the Orb!

Levels and vault maps discovered:
D:1:      eino_arrival_water_cross, layout_rooms, minmay_hedge_maze
D:2:      layout_rooms, first_ration, minmay_misc_feat_tiny,
          nicolae_ru_the_path_less_chosen, uniq_sigmund
D:3:      layout_basic, gammafunk_ghost_necromancy
D:4:      layout_layer_cave, lemuel_altar_in_water, uniq_eustachio
D:5:      layout_cave_pods, minmay_temple_entry_mini_moons, basic_altar,
          nicolae_ossuary_entry_plus
D:6:      layout_cave_pools
D:7:      layout_layer_cave, uniq_prince_ribbit1
D:8:      minmay_quarter_circles, layout_basic, hangedman_decor_clover_reticule
D:9:      layout_roguey, chequers_temple_overflow_statue_of_worship,
          david_orc_3, basic_altar, serial_shops, shop, gammafunk_ghost_split,
          the_bakery, lightli_corner_chamber
D:10:     layout_gridville, trog_ov_bears_minmay
D:11:     layout_big_octagon, david_lair_generic, serial_shops,
          nicolae_shop_behind_doors, portal_ice_cave_entry_imps, uniq_erolcha
D:12:     layout_loops_ring, serial_aquarium, aquarium_bridge_island_small
          [aquarium_subvault_small_water, aquarium_subvault_balcony,
          aquarium_subvault_window, aquarium_subvault_bridge,
          aquarium_subvault_bridge], aquarium_bridge_square
          [aquarium_subvault_window, aquarium_subvault_bridge,
          aquarium_subvault_window, aquarium_subvault_bridge],
          aquarium_window_1, aquarium_window_1, aquarium_window_fake,
          aquarium_window_fake, aquarium_view_4, uniq_nergalle
D:13:     layout_cave_pods, special_room [special_room_bee]
D:14:     layout_loops_ring, david_vaults_4, nemelex_xobeh_ov_fountains_minmay
D:15:     gammafunk_enter_depths_forms, layout_basic, corexii_hall_statues_i,
          minmay_misc_feat_more_columns
Temple:   dpeg_five_rooms_temple
Lair:1:   layout_regular_city, beast_lair_carwin_8, lemuel_fruit_fields
Lair:2:   dpeg_oklob_gauntlet, layout_cave_pods, gammafunk_ghost_hive,
          minmay_lair_oklob_chamber, lemuel_fruit_fields
Lair:3:   layout_cave_pods, ebering_ghost_xom, serial_bayou_shore_b
Lair:4:   layout_gridlike, minmay_swamp_entry_worms,
          nicolae_spider_entry_tight_spaces
Lair:5:   wad_woods_tower, layout_loops_ring, slime_altar_1, uniq_snorg
Lair:6:   minmay_lair_end_enchanted_forest, layout_layer_cave
Swamp:1:  layout_falls_marsh, nicolae_swamp_round_clearing
Swamp:2:  layout_basic_swamp, serial_swamp_ruin, evilmike_swamp_ruin_rubble_1,
          evilmike_swamp_ruin_house_2, evilmike_swamp_ruin_house_5
Swamp:3:  layout_basic_swamp, evilmike_swamp_ruin_house_6, swamp_pool2,
          uniq_mara
Swamp:4:  swamp, layout_basic_swamp, uniq_bai_suzhen
Spider:1: layout_spider_delve
Spider:2: nicolae_spider_hall_of_the_moth_king,
          gammafunk_ghost_berserking_beasts
Spider:3: layout_spider_delve, uniq_arachne
Spider:4: floodkiller_spider_rune_tomb, uniq_louise
Slime:1:  layout_caves
Slime:2:  layout_caves
Slime:3:  layout_caves
Slime:4:  layout_caves
Slime:5
Orc:1:    layout_caves
Orc:2:    st_orc_open, layout_caves, nicolae_volcano_entry_lava_flow
Elf:1:    eino_elf_arrival_the_gate, layout_loops_cross,
          minmay_elf_annihilation, small_chamber_with_monster,
          grunt_ministairs_5
Elf:2:    layout_loops_cross, uniq_nikola, uniq_jorgrun
Elf:3:    elf_hall_gauntlet_narrow, layout_geoelf_grid, serial_shops,
          nicolae_shop_temple_entry_statues_fountains, shop_statue, shop, shop
Vaults:1: v_misc_2, vaults_standard_mumra_lines, v_misc_27,
          ontoclasm_vaults_hangar, vaults_room_grunt_arrival_ludios,
          vaults_room_pool, ontoclasm_vaults_bender, hangedman_vaults_locks,
          nicolae_vaults_specimen_jars, layout_vaults_chaotic_city, uniq_aizul
Vaults:2: hangedman_vaults_capsules, v_misc_28, hangedman_vaults_hat,
          ontoclasm_vaults_tryst, grunt_vaults_hallway_long, v_misc_18,
          hangedman_vaults_unwind, grunt_vaults_twisty,
          nicolae_vaults_diagonal_hallway_8, vaults_dpeg_ring,
          layout_vaults_omnigrid
Vaults:3: v_misc_5, v_alt_pattern_4, grunt_vaults_diagonal,
          nicolae_vaults_circle_grid_a, ontoclasm_vaults_decontamination,
          vaults_room_octagon, v_alt_pattern_1, minmay_crypt_entry_necro_gods,
          v_misc_29, ontoclasm_vaults_twist, nicolae_vaults_network_star,
          vaults_mumra_bighexcomb, v_rooms_5, v_alt_pattern_1,
          layout_vaults_maze_bifur, serial_glass
Vaults:4: vaults_room_octagon, vaults_standard_mumra_enter_the_diamond,
          ontoclasm_vaults_idyll, vaults_room_large_hall, v_misc_24, v_misc_33,
          serial_ice_m, v_misc_1, nicolae_vaults_mini_display_case, v_misc_25,
          vaults_room_stairs_pillars, vaults_mumra_lcd, vaults_room_semicircle,
          nicolae_vaults_little_ls, hangedman_vaults_cutoff,
          nicolae_vaults_display_case, layout_vaults_ring, uniq_donald
Vaults:5: serial_shops
Depths:1: layout_cave_pools, enter_ziggurat_f, serial_shops, nicolae_shop_trees,
          nicolae_trove_entry_diagonal, grunt_mini_vestibule, serial_sigils,
          serial_sigils_hangedman_snap, serial_sigils_hangedman_writhe,
          serial_sigils_hangedman_gnaw, serial_sigils_hangedman_stare,
          evilmike_ambush [evilmike_ambush_outer_corners,
          evilmike_ambush_inner_basic]
Depths:2: hourglass_vault, layout_cave_pools, pf_hell_entry_great_geh,
          mu_enter_wizlab_1, nicolae_water_bricks, abyss_entry,
          infiniplex_staircase_star
Depths:3: gold_lair_mu, layout_cave_shapes, hangedman_abyss_entry_splay,
          grunt_pan_entry_zigzag, hell_entry, nicolae_wwwww, grunt_megastairs_5,
          firewood_loft, infiniplex_staircase_pool_2, uniq_enchantress
Depths:4: hangedman_cross_veins, layout_long_grid, minmay_room_of_horrors,
          grunt_hell_entry_dis_mu, minmay_tree_intersection,
          infiniplex_staircase_river
Depths:5: grunt_runaround [grunt_runaround_doors_1, grunt_runaround_doors_2,
          grunt_runaround_doors_3, grunt_runaround_doors_4,
          grunt_runaround_zot], hell_entry
Hell
Zot:1:    layout_onion
Zot:2:    lemuel_draconian_sentries, layout_onion
Zot:3:    circus_mu, layout_basic
Zot:4:    layout_onion_interference
Zot:5:    layout_cathedral_of_symmetry

Skill      XL: |  1  2  3  4  5  6  7  8  9 10 11 12 13 14 15 16 17 18 19 20 21 22 23 24 25 26 27 |
---------------+----------------------------------------------------------------------------------+-----
Short Blades   | 1 2 3 |  3.0
Bows           | 6 7 9 10 12 14 15 16 18 20 21 22 | 22.0
Fighting       | 3 4 5 6 8 9 11 12 14 15 16 17 18 19 20 21 22 23 26 27 | 27.0
Invocations    | 3 6 8 9 10 12 14 15 | 15.0
Armour         | 1 4 5 6 7 9 10 11 12 13 14 15 16 17 | 17.3
Dodging        | 2 4 5 7 8 10 11 12 13 14 | 14.2
Evocations     | 2 4 6 8 10 | 10.1
Long Blades    | 3 5 7 8 |  8.7
Translocations | 3 9 10 11 12 | 12.0
Spellcasting   | 2 4 5 6 7 |  7.0
Stealth        | |  0.4

Action                   |  1- 3 |  4- 6 |  7- 9 | 10-12 | 13-15 | 16-18 | 19-21 | 22-24 | 25-27 || total
-------------------------+-------+-------+-------+-------+-------+-------+-------+-------+-------++-------
Melee: Short sword       |    81 |    92 |    57 |   165 |   344 |     1 |       |       |       ||   740
       Kick              |    18 |    21 |    14 |    79 |   128 |    16 |   125 |    28 |     6 ||   435
       Trident           |       |       |       |    40 |     3 |       |       |       |       ||    43
       Punch             |       |       |       |       |     1 |       |     8 |       |       ||     9
       Longbow           |       |       |       |       |     1 |       |       |       |       ||     1
       Demon blade       |       |       |       |       |       |    39 |   212 |    70 |    15 ||   336
 Fire: Shortbow          |    19 |    97 |   406 |  1563 |   935 |       |       |       |       ||  3020
       Longbow           |       |       |       |       |   735 |  1225 |  2136 |  1957 |  1555 ||  7608
Throw: Stone             |       |    11 |       |       |       |       |       |       |       ||    11
       Dart              |       |       |    15 |    20 |    30 |       |       |       |       ||    65
       Throwing net      |       |       |       |       |       |       |     2 |       |       ||     2
 Cast: Apportation       |       |       |       |       |       |       |   168 |    42 |    60 ||   270
       Blink             |       |       |       |       |       |       |     1 |     5 |    19 ||    25
       Passage of Golubr |       |       |       |       |       |       |       |     4 |       ||     4
Invok: Heroism           |       |       |     5 |    25 |    32 |    23 |    42 |    23 |    24 ||   174
       Finesse           |       |       |       |     2 |     1 |     4 |     3 |       |     5 ||    15
 Abil: Evoke Flight      |       |     1 |       |       |     2 |       |       |       |       ||     3
       Stop Flying       |       |       |       |       |     2 |       |       |       |       ||     2
Evoke: Wand              |       |       |       |     7 |    33 |     5 |    19 |    41 |    21 ||   126
       Sack of spiders   |       |       |       |       |     1 |       |       |       |       ||     1
       Phantom mirror    |       |       |       |       |       |     1 |       |       |       ||     1
       Lightning rod     |       |       |       |       |       |       |       |       |     5 ||     5
  Use: Scroll            |     2 |     3 |     7 |    12 |    23 |     9 |    15 |    12 |    23 ||   106
       Potion            |     1 |     1 |     2 |       |     1 |     4 |    10 |     9 |    18 ||    46
 Stab: Paralysed         |       |       |       |     2 |     7 |       |     9 |       |       ||    18
       Invisible         |       |       |       |       |       |       |    13 |     3 |       ||    16
  Eat: Chunk             |     2 |     8 |     9 |    24 |    32 |    24 |    15 |    21 |    22 ||   157
       Ration            |       |       |       |     2 |     2 |     1 |    12 |     7 |     6 ||    30
Armor: Leather armour    |    15 |       |    46 |    15 |       |       |       |       |       ||    76
       Ring mail         |     9 |    23 |     3 |       |       |       |       |       |       ||    35
       Plate armour      |       |       |       |   299 |   660 |   259 |   753 |   173 |       ||  2144
       Gold dragon scale |       |       |       |       |       |       |       |   168 |   341 ||   509
Dodge: Dodged            |    33 |    36 |    67 |   137 |   171 |   167 |   703 |   414 |   277 ||  2005
       Rpst.: Demon blade |       |       |       |       |       |     1 |    46 |     7 |       ||    54
